Workbook

Sheet Planilha
A6: PLANILHA DE CUSTOS REFERENCIAIS | D6: REFORMA DA CÂMARA MUNICIPAL DE GUARAPARI
A7: DATA BASE : LABOR/CT-UFES PADRÃO DER SETEMBRO/2021
A8: PREFEITURA MUNICIPAL DE GUARAPARI
A9: BDI - 30,9% / LS - 157,77%
A10: ITEM | B10: REF. | C10: ESPECIFICAÇÃO | D10: UND. | E10: QUANT. | F10: UNIT. | G10: TOTAL
A11: 01 | B11: - | C11: SERVIÇOS PRELIMINARES | G11: =SUM(G12:G18) -> 6726.08
A12: 01.01 | B12: 010208 | C12: Retirada de revestimento antigo em reboco | D12: m2 | E12: ='Memória de Cálculo'!G25 -> 237.65 | F12: 10.415 | G12: =ROUND(F12*E12,2) -> 2475.12
A13: 01.02 | B13: 010246 | C13: Lixamento de parede com pintura antiga PVA para recebimento de nova camada de tinta | D13: m2 | E13: ='Memória de Cálculo'!G39 -> 335.28 | F13: 3.04 | G13: =ROUND(F13*E13,2) -> 1019.25
A14: 01.03 | B14: COMP.01 | C14: Lixamento de teto com pintura antiga PVA para recebimento de nova camada de tinta | D14: m2 | E14: ='Memória de Cálculo'!G53 -> 101.02 | F14: 6.73 | G14: =ROUND(F14*E14,2) -> 679.86
A15: 01.04 | B15: 010220 | C15: Demolição de piso cimentado, exclusive lastro de concreto | D15: m2 | E15: ='Memória de Cálculo'!G56 -> 33 | F15: 12.88 | G15: =ROUND(F15*E15,2) -> 425.04
A16: 01.05 | B16: 010256 | C16: Remoção de telha ondulada de fibrocimento, inclusive cumeeira | D16: m2 | E16: ='Memória de Cálculo'!G61 -> 125.8962 | F16: 8 | G16: =ROUND(F16*E16,2) -> 1007.17
A17: 01.06 | B17: 010214 | C17: Retirada de portas e janelas de madeira, inclusive batentes | D17: m2 | E17: 30.52 | F17: 16.72 | G17: =ROUND(F17*E17,2) -> 510.29
A18: 01.07 | B18: 010209 | C18: Demolição de alvenaria | D18: m3 | E18: ='Memória de Cálculo'!G69 -> 9.72 | F18: 62.69 | G18: =ROUND(F18*E18,2) -> 609.35
A20: 02 | B20: - | C20: REVESTIMENTO DE PAREDE | G20: =SUM(G21:G25) -> 64508.16
A21: 02.01 | B21: 120308 | C21: Chapisco de argamassa de cimento e areia média ou grossa lavada no traço 1:3, espessura 5mm, com utilização de impermeabilizante | D21: m2 | E21: ='Memória de Cálculo'!G84 -> 237.65 | F21: 8.35 | G21: =ROUND(F21*E21,2) -> 1984.38
A22: 02.02 | B22: 120304 | C22: Reboco de argamassa de cimento, cal hidratada CH1 e areia média ou grossa lavada no traço 1:0.5:6, com impermeabilizante para revestimentos | D22: m2 | E22: =E21 -> 237.65 | F22: 68.58 | G22: =ROUND(F22*E22,2) -> 16298.04
A23: 02.03 | B23: COMP. 02 | C23: Assentamento de cerâmica monoporosa Bardosh 32 x 60 cm, juntas a prumo, assentado com argamassa de cimento colante, inclusive rejuntamento com cimento branco | D23: m2 | E23: ='Memória de Cálculo'!G109 -> 70.71 | F23: 218.11 | G23: =ROUND(F23*E23,2) -> 15422.56
A24: 02.04 | B24: 190106 | C24: Pintura com tinta acrílica, marcas de referência Suvinil, Coral ou Metalatex, inclusive selador acrílico, em paredes e forros, a três demãos | D24: m2 | E24: ='Memória de Cálculo'!G115 -> 1020.3 | F24: 27.14 | G24: =ROUND(F24*E24,2) -> 27690.94
A25: 02.05 | B25: COMP. 03 | C25: Pintura com textura acrílica Suvinil, Coral ou Metalatex, inclusive selador acrílico, em paredes externas a três demãos | D25: m2 | E25: ='Memória de Cálculo'!G120 -> 103.88 | F25: 29.96 | G25: =ROUND(F25*E25,2) -> 3112.24
A27: 03 | B27: - | C27: COBERTURA | G27: =SUM(G28:G30) -> 28989.34
A28: 03.01 | B28: 090312 | C28: Calha em chapa galvanizada com largura de 40 cm | D28: m | E28: ='Memória de Cálculo'!G131 -> 50 | F28: 172.93 | G28: =ROUND(F28*E28,2) -> 8646.5
A29: 03.02 | B29: 090314 | C29: Rufo de chapa de alumínio esp. 0.5mm, largura de 30cm | D29: m | E29: ='Memória de Cálculo'!G131 -> 50 | F29: 58.97 | G29: =ROUND(F29*E29,2) -> 2948.5
A30: 03.03 | B30: 090228 | C30: Cobertura em telha em aço galvalume trapezoidal 40, e=0.50mm, pintura cor branca nas duas faces, inclusive acessório de fixação Ref. Santo André, Eternit, Metform ou equivalente | D30: m2 | E30: 125.9 | F30: 138.16 | G30: =ROUND(F30*E30,2) -> 17394.34
A32: 04 | B32: - | C32: REVISÕES E REPAROS | G32: =SUM(G33:G42) -> 25386.16
A33: 04.01 | B33: 130403 | C33: Recomposição de piso cimentado, com argamassa de cimento e areia no traço 1:3, com 2 cm de espessura, incl. Lastro | D33: und | E33: ='Memória de Cálculo'!G140 -> 33 | F33: 137.55 | G33: =ROUND(F33*E33,2) -> 4539.15
A34: 04.02 | B34: 090305 | C34: Calha de concreto armado Fck=15 MPa em "U" nas dimensões de 38 x 56 cm conforme detalhes em projeto | D34: m | E34: ='Memória de Cálculo'!G143 -> 11 | F34: 313.27 | G34: =ROUND(F34*E34,2) -> 3445.97
A35: 04.03 | B35: 130317 | C35: Peitoril de granito cinza polido, com pingadeira, 15 cm, esp. 3cm | D35: m | E35: ='Memória de Cálculo'!G146 -> 25 | F35: 91.07 | G35: =ROUND(F35*E35,2) -> 2276.75
A36: 04.04 | B36: 090502 | C36: Recolocação de estrutura de madeira para telhado com telha ondulada de fibrocimento ou telha ecológica tipo onduline, com pontaletes e caibros, exclusive fornecimento | D36: m2 | E36: ='Memória de Cálculo'!G149 -> 47.6 | F36: 24.19 | G36: =ROUND(F36*E36,2) -> 1151.44
A37: 04.05 | B37: 050605 | C37: Alvenaria de blocos cerâmicos 10 furos 10x20x20cm, assentados c/argamassa de cimento, cal hidratada CH1 e areia traço 1:0,5:8, juntas 12mm e esp. das paredes s/revestimento, 10cm | D37: m2 | E37: 15 | F37: 70.73 | G37: =ROUND(F37*E37,2) -> 1060.95
A38: 04.06 | B38: - | C38: SUPERESTRUTURA
A39: 04.06.01 | B39: 040315 | C39: Fornecimento, preparo e aplicação de concreto Fck = 30 MPa (com brita 1 e 2) - (5% de perdas já incluído no custo) | D39: m3 | E39: 5 | F39: 898.71 | G39: =ROUND(F39*E39,2) -> 4493.55
A40: 04.06.02 | B40: 040337 | C40: Fôrma em chapa de madeira compensada plastificada 12mm para estrutura em geral, 5 reaproveitamentos, reforçada com sarrafos de madeira 2.5x10cm (incl material, corte, montagem, escoras em eucalipto e desforma) | D40: m2 | E40: 20 | F40: 118.01 | G40: =ROUND(F40*E40,2) -> 2360.2
A41: 04.06.03 | B41: 040243 | C41: Fornecimento, dobragem e colocação em fôrma, de armadura CA-50 A média, diâmetro de 6.3 a 10.0 mm | D41: Kg | E41: 185 | F41: 17.75 | G41: =ROUND(F41*E41,2) -> 3283.75
A42: 04.06.04 | B42: 040246 | C42: Fornecimento, dobragem e colocação em fôrma, de armadura CA-60 B fina, diâmetro de 4.0 a 7.0mm | D42: Kg | E42: 120 | F42: 23.12 | G42: =ROUND(F42*E42,2) -> 2774.4
A44: 05 | B44: - | C44: IMPERMEABILIZAÇÃO CALHAS, LAJES DESCOBERTAS, BALDRAMES, PAREDES E JARDINEIRAS | G44: =SUM(G45) -> 4268.59
A45: 05.01 | B45: 100208 | C45: Índice de imperm.c/ manta asfáltica atendendo NBR 9952, asfalto polimerizado esp.3mm, reforç.c/ filme int. polietileno, regul. base c/ arg.1:4 esp.mín.15mm, proteção mec. arg.1:4 esp.20mm e juntas dilat. | D45: m2 | E45: ='Memória de Cálculo'!G153 -> 14.52 | F45: 293.98 | G45: =ROUND(F45*E45,2) -> 4268.59
A47: 06 | B47: - | C47: TETOS E FORROS | G47: =SUM(G49:G50) -> 10558.19
A48: 06.01 | C48: REBAIXAMENTOS
A49: 06.01.01 | B49: 110201 | C49: Forro de gesso acabamento tipo liso | D49: m2 | E49: ='Memória de Cálculo'!G185 -> 160.41 | F49: 45.82 | G49: =ROUND(F49*E49,2) -> 7349.99
A50: 06.01.02 | B50: MERCADO | C50: Acabamento em gesso tipo linha de sombra | D50: m | E50: ='Memória de Cálculo'!G185 -> 160.41 | F50: 20 | G50: =ROUND(F50*E50,2) -> 3208.2
A52: 07 | B52: - | C52: INSTALAÇÕES ELÉTRICAS | G52: =SUM(G54:G76) -> 41736.27
A53: 07.01 | B53: - | C53: ELETRODUTOS E CONEXÕES
A54: 07.01.01 | B54: 151132 | C54: Eletroduto flexível corrugado 3/4" , marca de referência TIGRE | D54: m | E54: 120 | F54: 11.65 | G54: =ROUND(F54*E54,2) -> 1398
A55: 07.01.02 | B55: 151140 | C55: Eletroduto PEAD, cor preta, diam. 3", marca ref. Kanaflex ou equivalente | D55: m | E55: 40 | F55: 49.27 | G55: =ROUND(F55*E55,2) -> 1970.8
A56: 07.01.03 | B56: 151601 | C56: Abertura e fechamento de rasgos em alvenaria, para passagem de eletrodutos diâm. 1/2" a 1" | D56: m | E56: 120 | F56: 13.45 | G56: =ROUND(F56*E56,2) -> 1614
A57: 07.01.04 | B57: 151603 | C57: Abertura e fechamento de rasgos em alvenaria, para passagem de eletroduto diâm. 2 1/2" a 4" | D57: m | E57: 40 | F57: 30.32 | G57: =ROUND(F57*E57,2) -> 1212.8
A58: 07.02 | B58: - | C58: CHAVES, FUSIVEIS E DISJUNTORES
A59: 07.02.01 | B59: 151302 | C59: Mini-Disjuntor monopolar 20 A, curva C - 5KA 220/127VCA (NBR IEC 60947-2), Ref. Siemens, GE, Schneider ou equivalente | D59: und | E59: 5 | F59: 24.87 | G59: =ROUND(F59*E59,2) -> 124.35
A60: 07.02.02 | B60: 151307 | C60: Mini-Disjuntor bipolar 20 A, curva C - 5KA 220/127VCA (NBR IEC 60947-2), Ref. Siemens, GE, Schneider ou equivalente | D60: und | E60: 6 | F60: 69.85 | G60: =ROUND(F60*E60,2) -> 419.1
A61: 07.02.03 | B61: 151308 | C61: Mini-Disjuntor bipolar 50 A, curva C - 5KA 220/127VCA (NBR IEC 60947-2), Ref. Siemens, GE, Schneider ou equivalente | D61: und | E61: 1 | F61: 65.15 | G61: =ROUND(F61*E61,2) -> 65.15
A62: 07.02.04 | B62: 151314 | C62: Disjuntor Compacto em caixa moldada tripolar 100 A, curva C - 15KA 240VCA (NBR IEC 60947-2), Ref. Siemens, GE, Schneider ou equivalente | D62: und | E62: 1 | F62: 365.32 | G62: =ROUND(F62*E62,2) -> 365.32
A63: 07.03 | B63: - | C63: FIOS E CABOS
A64: 07.03.01 | B64: 151401 | C64: Fio de cobre termoplástico, com isolamento para 750V, seção de 1.5 mm2 | D64: m | E64: 180 | F64: 6.98 | G64: =ROUND(F64*E64,2) -> 1256.4
A65: 07.03.02 | B65: 151402 | C65: Fio de cobre termoplástico, com isolamento para 750V, seção de 2.5 mm2 | D65: m | E65: 350 | F65: 8.73 | G65: =ROUND(F65*E65,2) -> 3055.5
A66: 07.03.03 | B66: 151418 | C66: Cabo de cobre termoplástico, com isolamento para 1000V, seção de 4.0 mm2 | D66: m | E66: 280 | F66: 13.42 | G66: =ROUND(F66*E66,2) -> 3757.6
A67: 07.04 | B67: - | C67: PONTOS ELÉTRICOS
A68: 07.04.01 | B68: 151802 | C68: Ponto padrão de luz na parede - considerando eletroduto PVC rígido de 3/4" inclusive conexões (4.5m), fio isolado PVC de 2.5mm2 (16.2m) e caixa pvc 4x2" (1 und) | D68: und | E68: 9 | F68: 228,63 | G68: =ROUND(F68*E68,2) -> 2057.67
A69: 07.04.02 | B69: 151803 | C69: Ponto padrão de tomada 2 pólos mais terra - considerando eletroduto PVC rígido de 3/4" inclusive conexões (5.0m), fio isolado PVC de 2.5mm2 (16.5m) e caixa pvc 4x2" (1 und) | D69: und | E69: 54 | F69: 261,24 | G69: =ROUND(F69*E69,2) -> 14106.96
A70: 07.04.03 | B70: 151806 | C70: Ponto padrão de tomada para ar refrigerado - considerando eletroduto PVC rígido de 3/4" inclusive conexões (6.0m), fio isolado PVC de 4.0mm2 (21.6m) e caixa PVC 4x2" (1 und) | D70: und | E70: 6 | F70: 386,3 | G70: =ROUND(F70*E70,2) -> 2317.8
A71: 07.04.04 | B71: 151809 | C71: Ponto padrão de interruptor de 2 teclas simples - considerando eletroduto PVC rígido de 3/4" inclusive conexões (3.3m), fio isolado PVC de 2.5mm2 (17.2m) e caixa PVC 4x2" (1 und) | D71: und | E71: 7 | F71: 232,73 | G71: =ROUND(F71*E71,2) -> 1629.11
A72: 07.04.05 | B72: 151810 | C72: Ponto padrão de interruptor de 1 tecla paralelo - considerando eletroduto PVC rígido de 3/4" inclusive conexões (8.5m), fio isolado PVC de 2.5mm2 (28.8m) e caixa PVC 4x2" (1 und) | D72: und | E72: 3 | F72: 439,72 | G72: =ROUND(F72*E72,2) -> 1319.16
A73: 07.05 | B73: - | C73: APARELHOS ELÉTRICOS
A74: 07.05.01 | B74: 180101 | C74: Luminária tipo plafon p/ duas lâmpadas fluorescentes 20W, completa, c/ reator duplo-127V partida rápida e alto fator de potência, soquete antivibratório e lâmpada fluorescente 20W-127V | D74: und | E74: 15 | F74: 215,44 | G74: =ROUND(F74*E74,2) -> 3231.6
A75: 07.05.02 | B75: 97592 SINAPI | C75: LUMINÁRIA TIPO PLAFON, DE EMBUTIR, COM 2 LÂMPADAS LED DE 12/13 W, SEM REATOR - FORNECIMENTO E INSTALAÇÃO. | D75: und | E75: 30 | F75: 43,73 | G75: =ROUND(F75*E75,2) -> 1311.9
A76: 07.05.03 | B76: 100903 SINAPI | C76: LÂMPADA TUBULAR LED DE 18/20 W, BASE G13 - FORNECIMENTO E INSTALAÇÃO. | E76: 15 | F76: 34,87 | G76: =ROUND(F76*E76,2) -> 523.05
A78: 08 | B78: - | C78: INSTALAÇÕES REDE LÓGICA | G78: =SUM(G79:G81) -> 2352
A79: 08.01 | B79: 160806 | C79: Espelho 4" x 2" com conector RJ 45 fêmea CAT. 5e | D79: und | E79: 20 | F79: 35.7 | G79: =ROUND(F79*E79,2) -> 714
A80: 08.02 | B80: 160807 | C80: Conector RJ 45 macho | D80: und | E80: 40 | F80: 13.23 | G80: =ROUND(F80*E80,2) -> 529.2
A81: 08.03 | B81: 160808 | C81: Fornecimento e instalação de Cabo de rede par trançado 4 pares Categoria 5e | D81: m | E81: 210 | F81: 5.28 | G81: =ROUND(F81*E81,2) -> 1108.8
A83: 09 | B83: - | C83: ESQUADRIAS DE MADEIRA | G83: =SUM(G84:G87) -> 28596.25
A84: 09.01 | B84: 060102 | C84: Marco de madeira de lei de 1ª (Peroba, Ipê, Angelim Pedra ou equivalente) com 15x3 cm de batente, nas dimensões de 0.70 x 2.10 m | D84: und | E84: 12 | F84: 402.35 | G84: =ROUND(F84*E84,2) -> 4828.2
A85: 09.02 | B85: 060103 | C85: Marco de madeira de lei de 1ª (Peroba, Ipê, Angelim Pedra ou equivalente) com 15x3 cm de batente, nas dimensões de 0.80 x 2.10 m | D85: und | E85: 7 | F85: 402.35 | G85: =ROUND(F85*E85,2) -> 2816.45
A86: 09.03 | B86: 061302 | C86: Porta em madeira de lei tipo angelim pedra ou equiv.c/enchimento em madeira 1a.qualidade esp. 30mm p/ pintura, inclusive alizares, dobradiças e fechadura externa em latão cromado LaFonte ou equiv., exclusive marco, nas dim.: 0.70 x 2.10 m | D86: und | E86: 12 | F86: 1093.66 | G86: =ROUND(F86*E86,2) -> 13123.92
A87: 09.04 | B87: 061303 | C87: Porta em madeira de lei tipo angelim pedra ou equiv.c/enchimento em madeira 1a.qualidade esp. 30mm p/ pintura, inclusive alizares, dobradiças e fechadura externa em latão cromado LaFonte ou equiv., exclusive marco, nas dim.: 0.80 x 2.10 m | D87: und | E87: 7 | F87: 1118.24 | G87: =ROUND(F87*E87,2) -> 7827.68
A89: 10 | B89: - | C89: APARELHOS HIDROSSANITÁRIOS | G89: =SUM(G90:G96) -> 14639.91
A90: 10.01 | B90: 170133 | C90: Cuba louça branca oval, de embutir, Mod. L37, marca de ref. Deca incl. válvula e sifão, exclusive torneira. | D90: und | E90: 2 | F90: 452.21 | G90: =ROUND(F90*E90,2) -> 904.42
A91: 10.02 | B91: 170136 | C91: Bacia sanitária de louça branca, com caixa acoplada duplo acionamento, marca de ref. Deca Linha Ravena ou equivalente, inclusive assento plástico e acessórios de fixação | D91: und | E91: 2 | F91: 1228.18 | G91: =ROUND(F91*E91,2) -> 2456.36
A92: 10.03 | B92: 170205 | C92: Bancada para banheiro de granito branco pitaia esp. 3cm | D92: m2 | E92: 7.6 | F92: 508.55 | G92: =ROUND(F92*E92,2) -> 3864.98
A93: 10.04 | B93: 170205 | C93: Bancada para cozinha de granito branco pitaia esp. 3cm | D93: m2 | E93: 9 | F93: 508.55 | G93: =ROUND(F93*E93,2) -> 4576.95
A94: 10.05 | B94: 170512 | C94: Cuba de aço inox n° 1(dim.460x300x150)mm, marcas de referência Franke, Strake, tramontina, inclusive válvula de metal 31/2" e sifão cromado 1 x 1/2", excl. torneira | D94: und | E94: 1 | F94: 695.52 | G94: =ROUND(F94*E94,2) -> 695.52
A95: 10.06 | B95: 170353 | C95: Torneira para lavatório linha anti-vandalismo, marcas de referência Fabrimar, Deca ou Docol | D95: und | E95: 2 | F95: 954.21 | G95: =ROUND(F95*E95,2) -> 1908.42
A96: 10.07 | B96: 170315 | C96: Torneira pressão cromada diam. 1/2" para pia, marcas de referência Fabrimar, Deca ou Docol | D96: und | E96: 1 | F96: 233.26 | G96: =ROUND(F96*E96,2) -> 233.26
A98: 11 | B98: - | C98: ACABAMENTOS | G98: =SUM(G99:G108) -> 75443.29
A99: 11.01 | B99: 130234 | C99: Porcelanato natural, acabamento acetinado, dim. 60x60cm, ref. PLATINA NA Eliane/equiv, utilizando dupla colagem de argamassa colante para porcelanato tipo ACIII e rejunte 1mm para porcelanato | D99: m2 | E99: ='Memória de Cálculo'!G199 -> 125.873 | F99: 194.2 | G99: =ROUND(F99*E99,2) -> 24444.54
A100: 11.02 | B100: MERCADO | C100: REVESTIMENTO TRADIZIONALI BIANCO, BIANCOGRÊS, 32x60cm, COR BRANCO | D100: m2 | E100: =8*2.7*2 -> 43.2 | F100: 160 | G100: =ROUND(F100*E100,2) -> 6912
A101: 11.03 | B101: MERCADO | C101: REVESTIMENTO STELLE BIANCO, BIANCOGRÊS, 32x60cm | D101: m2 | E101: 25 | F101: 160 | G101: =ROUND(F101*E101,2) -> 4000
A102: 11.04 | B102: MERCADO | C102: REVESTIMENTO 3D, TRAPÉZIO CONCRETO, DECORTILES, 26X60cm, COR CINZA | D102: m2 | E102: 12 | F102: 240 | G102: =ROUND(F102*E102,2) -> 2880
A103: 11.05 | B103: 130308 | C103: Soleira de granito branco pitaia esp. 2 cm e largura de 15 cm | D103: m | E103: 10 | F103: 52.13 | G103: =ROUND(F103*E103,2) -> 521.3
A104: 11.06 | B104: 130303 | C104: Rodapé de cerâmica PEI-3, assentado com argamassa de cimento cola h = 7.0 cm, inclusive rejuntamento com cimento branco | D104: m | E104: ='Memória de Cálculo'!G213 -> 178.48 | F104: 17.89 | G104: =ROUND(F104*E104,2) -> 3193.01
A105: 11.07 | B105: 98671 SINAPI | C105: PISO EM GRANITO BRANCO PITAIA APLICADO EM AMBIENTES INTERNOS | D105: m2 | E105: 33 | F105: 140.68 | G105: =ROUND(F105*E105,2) -> 4642.44
A106: 11.08 | B106: MERCADO | C106: Guarda corpo de vidro e aço inox conforme projeto | D106: und | E106: 1 | F106: 20000 | G106: =ROUND(F106*E106,2) -> 20000
A107: 11.09 | B107: MERCADO | C107: Revestimento de paredes em MDF | D107: m2 | E107: 30 | F107: 250 | G107: =ROUND(F107*E107,2) -> 7500
A108: 11.10 | B108: MERCADO | C108: Estrutura em perfil de alumínio e tela galvanizada para suporte de plantas em jardim vertical, conforme projeto | D108: m2 | E108: 5 | F108: 270 | G108: =ROUND(F108*E108,2) -> 1350
A109: 12 | B109: - | C109: TRATAMENTO, CONSERVAÇÃO E LIMPEZA | G109: =SUM(G110:G111) -> 5216.59
A110: 12.01 | B110: 200401 | C110: Limpeza geral da obra (edificação) | D110: m2 | E110: =E12+E15 -> 270.65 | F110: 12.88 | G110: =ROUND(F110*E110,2) -> 3485.97
A111: 12.02 | B111: 030304 | C111: Índice de preço para remoção de entulho decorrente da execução de obras (Classe A CONAMA - NBR 10.004 - Classe II-B), incluindo aluguel da caçamba, carga, transporte e descarga em área licenciada | D111: m3 | E111: =E110*0.1 -> 27.065 | F111: 63.943 | G111: =ROUND(F111*E111,2) -> 1730.62
C113: VALOR GERAL DA OBRA TOTAL | G113: =G109+G98+G89+G83+G78+G52+G47+G44+G32+G27+G20+G11 -> 308420.83
D115: Eng. Geraldo Brunoro Esteves
D116: CREA-ES 033738/D

Sheet Memória de Cálculo
A6: PLANILHA DE CUSTOS REFERENCIAIS | C6: REFORMA DA CÂMARA MUNICIPAL DE GUARAPARI
A7: DATA BASE : LABOR/CT-UFES PADRÃO DER SETEMBRO/2021
A8: PREFEITURA MUNICIPAL DE GUARAPARI
A9: BDI - 30,90% / LS - 157,77%
A11: SERVIÇOS PRELIMINARES
A12: Item | B12: Especificação | C12: Quantidade | D12: Lados | E12: Comprimento (m) | F12: Altura (m) | G12: Área (m²)
A13: 01.01 | B13: Retirada de revestimento antigo em reboco
B14: Circulação externa as sala vereadores, banheiro e almoxarifado | D14: 1 | E14: 18 | F14: 3 | G14: =D14*E14*F14 -> 54
B15: Almoxarifado | D15: 1 | E15: 3.28 | F15: 3 | G15: =D15*E15*F15 -> 9.84
B16: Sala Coletiva | D16: 1 | E16: 3.34 | F16: 3 | G16: =D16*E16*F16 -> 10.02
B17: Plenário | D17: 1 | E17: 2.01 | F17: 3 | G17: =D17*E17*F17 -> 6.03
B18: Sala de som | D18: 1 | E18: 2.9 | F18: 3 | G18: =D18*E18*F18 -> 8.7
B19: Taquigrafia | D19: 1 | E19: 2.87 | F19: 3 | G19: =D19*E19*F19 -> 8.61
B20: Cozinha | D20: 2 | E20: 1.47 | F20: 3 | G20: =D20*E20*F20 -> 8.82
B21: Banheiro | D21: 1 | E21: 1.55 | F21: 3 | G21: =D21*E21*F21 -> 4.65
B22: Diretoria | D22: 1 | E22: 3.3 | F22: 3 | G22: =D22*E22*F22 -> 9.9
B23: Procuradoria | D23: 1 | E23: 4.4 | F23: 3 | G23: =D23*E23*F23 -> 13.2
B24: Parede externa fundos da edificação | D24: 1 | E24: 18.55 | F24: 5.6 | G24: =D24*E24*F24 -> 103.88
G25: =SUM(G14:G24) -> 237.65
A27: 01.02 | B27: Lixamento de parede com pintura antiga PVA para recebimento de nova camada de tinta | D27: Lados | E27: Perímetro (m) | F27: Altura (m) | G27: Área (m²)
B28: Taquigrafia | D28: 1 | E28: =3+5.61+5.83 -> 14.44 | F28: 3 | G28: =F28*E28*D28 -> 43.32
B29: Sala de som | D29: 1 | E29: =2.12+1.9+2.9 -> 6.92 | F29: 3 | G29: =F29*E29*D29 -> 20.76
B30: Sala coletiva | D30: 1 | E30: =2.31+2.58+3.34 -> 8.23 | F30: 3 | G30: =F30*E30*D30 -> 24.69
B31: Almoxarifado | D31: 1 | E31: =2.83+2.58+3.28 -> 8.69 | F31: 3 | G31: =F31*E31*D31 -> 26.07
B32: Plenário | D32: 1 | E32: =10.8+3.53+3.1+3.94+3.82+8.62 -> 33.81 | F32: 3 | G32: =F32*E32*D32 -> 101.43
B33: Diretoria | D33: 1 | E33: =(2.02*2)+3.3 -> 7.34 | F33: 3 | G33: =F33*E33*D33 -> 22.02
B34: Procuradoria | D34: 1 | E34: =2.02*2 -> 4.04 | F34: 3 | G34: =F34*E34*D34 -> 12.12
B35: Sala 01 | D35: 1 | E35: 4 | F35: 3 | G35: =F35*E35*D35 -> 12
B36: Sala 02 | D36: 1 | E36: 2.8 | F36: 3 | G36: =F36*E36*D36 -> 8.4
B37: Sala 03 | D37: 1 | E37: =(6.44*2)+3 -> 15.88 | F37: 3 | G37: =F37*E37*D37 -> 47.64
B38: Circulação | D38: 1 | E38: 5.61 | F38: 3 | G38: =F38*E38*D38 -> 16.83
G39: =SUM(G28:G38) -> 335.28
A41: 01.03 | B41: Lixamento de teto com pintura antiga PVA para recebimento de nova camada de tinta | D41: Lados | E41: Comprimento (m) | F41: Altura (m) | G41: Área (m²)
B42: Taquigrafia | D42: 1 | G42: 5.56
B43: Sala de som | D43: 1 | G43: 5.82
B44: Sala coletiva | D44: 1 | G44: 8.12
B45: Almoxarifado | D45: 1 | G45: 8.84
B46: Plenário | D46: 1 | G46: 4.73
B47: Diretoria | D47: 1 | G47: 6.67
B48: Procuradoria | D48: 1 | G48: 15.05
B49: Sala 01 | D49: 1 | G49: =8.93+4.28 -> 13.21
B50: Sala 02 | D50: 1 | G50: 8.34
B51: Sala 03 | D51: 1 | G51: 20.68
B52: Banheiros | D52: 1 | G52: =1.58+2.42 -> 4
G53: =SUM(G42:G52) -> 101.02
A55: 01.04 | B55: Demolição de piso cimentado, exclusive lastro de concreto | D55: Lados | E55: Comprimento (m) | F55: Largura (m) | G55: Área (m²)
B56: Terreno dos fundos, junto a divisa | D56: 1 | E56: 11 | F56: 3 | G56: =F56*E56*D56 -> 33
A58: 01.05 | B58: Remoção de telha ondulada de fibrocimento, inclusive cumeeira | E58: Comprimento (m) | F58: Largura (m) | G58: Área (m²)
B59: Plenário | E59: 11.86 | F59: 6.97 | G59: =F59*E59 -> 82.6642
B60: Protocolo, circulação e almoxarifado | E60: 7.72 | F60: 5.6 | G60: =F60*E60 -> 43.232
G61: =SUM(G59:G60) -> 125.8962
A63: 01.06 | B63: Demolição de alvenaria | D63: Comprimento (m) | E63: Espessura (m) | F63: Altura | G63: Volume (m³)
B64: Circulação / escadas | D64: 15 | E64: 0.15 | F64: 2.9 | G64: =D64*E64*F64 -> 6.525
B65: Circulação | D65: 1.5 | E65: 0.15 | F65: 2.1 | G65: =D65*E65*F65 -> 0.4725
B66: Sanitário | D66: 2.5 | E66: 0.15 | F66: 2.1 | G66: =D66*E66*F66 -> 0.7875
B67: Cozinha | D67: 2 | E67: 0.15 | F67: 2.1 | G67: =D67*E67*F67 -> 0.63
B68: Taquigrafia | D68: 3 | E68: 0.15 | F68: 2.9 | G68: =D68*E68*F68 -> 1.305
G69: =SUM(G64:G68) -> 9.72
A71: REVESTIMENTO DE PAREDE
A72: 02.01 | B72: Chapisco de argamassa de cimento e areia média ou grossa lavada no traço 1:3, espessura 5mm, com utilização de impermeabilizante | D72: Lados | E72: Comprimento (m) | F72: Altura (m) | G72: Área (m²)
B73: Circulação externa as sala vereadores, banheiro e almoxarifado | D73: 1 | E73: 18 | F73: 3 | G73: =D73*E73*F73 -> 54
B74: Almoxarifado | D74: 1 | E74: 3.28 | F74: 3 | G74: =D74*E74*F74 -> 9.84
B75: Sala Coletiva | D75: 1 | E75: 3.34 | F75: 3 | G75: =D75*E75*F75 -> 10.02
B76: Plenário | D76: 1 | E76: 2.01 | F76: 3 | G76: =D76*E76*F76 -> 6.03
B77: Sala de som | D77: 1 | E77: 2.9 | F77: 3 | G77: =D77*E77*F77 -> 8.7
B78: Taquigrafia | D78: 1 | E78: 2.87 | F78: 3 | G78: =D78*E78*F78 -> 8.61
B79: Cozinha | D79: 2 | E79: 1.47 | F79: 3 | G79: =D79*E79*F79 -> 8.82
B80: Banheiro | D80: 1 | E80: 1.55 | F80: 3 | G80: =D80*E80*F80 -> 4.65
B81: Diretoria | D81: 1 | E81: 3.3 | F81: 3 | G81: =D81*E81*F81 -> 9.9
B82: Procuradoria | D82: 1 | E82: 4.4 | F82: 3 | G82: =D82*E82*F82 -> 13.2
B83: Parede externa fundos da edificação | D83: 1 | E83: 18.55 | F83: 5.6 | G83: =D83*E83*F83 -> 103.88
G84: =SUM(G73:G83) -> 237.65
A86: 02.02 | B86: Reboco de argamassa de cimento, cal hidratada CH1 e areia média ou grossa lavada no traço 1:0.5:6, com impermeabilizante para revestimentos | D86: Lados | E86: Comprimento (m) | F86: Altura (m) | G86: Área (m²)
B87: Circulação externa as sala vereadores, banheiro e almoxarifado | D87: 1 | E87: 18 | F87: 3 | G87: =D87*E87*F87 -> 54
B88: Almoxarifado | D88: 1 | E88: 3.28 | F88: 3 | G88: =D88*E88*F88 -> 9.84
B89: Sala Coletiva | D89: 1 | E89: 3.34 | F89: 3 | G89: =D89*E89*F89 -> 10.02
B90: Plenário | D90: 1 | E90: 2.01 | F90: 3 | G90: =D90*E90*F90 -> 6.03
B91: Sala de som | D91: 1 | E91: 2.9 | F91: 3 | G91: =D91*E91*F91 -> 8.7
B92: Taquigrafia | D92: 1 | E92: 2.87 | F92: 3 | G92: =D92*E92*F92 -> 8.61
B93: Cozinha | D93: 2 | E93: 1.47 | F93: 3 | G93: =D93*E93*F93 -> 8.82
B94: Banheiro | D94: 1 | E94: 1.55 | F94: 3 | G94: =D94*E94*F94 -> 4.65
B95: Diretoria | D95: 1 | E95: 3.3 | F95: 3 | G95: =D95*E95*F95 -> 9.9
B96: Procuradoria | D96: 1 | E96: 4.4 | F96: 3 | G96: =D96*E96*F96 -> 13.2
B97: Parede externa fundos da edificação | D97: 1 | E97: 18.55 | F97: 5.6 | G97: =D97*E97*F97 -> 103.88
G98: =SUM(G87:G97) -> 237.65
A100: 02.03 | B100: Assentamento de cerâmica monoporosa Bardosh 32 x 60 cm, juntas a prumo, assentado com argamassa de cimento colante, inclusive rejuntamento com cimento branco | D100: Lados | E100: Comprimento (m) | F100: Altura (m) | G100: Área (m²)
B101: Almoxarifado | D101: 1 | E101: 3.28 | F101: 3 | G101: =D101*E101*F101 -> 9.84
B102: Sala Coletiva | D102: 1 | E102: 3.34 | F102: 3 | G102: =D102*E102*F102 -> 10.02
B103: Plenário | D103: 1 | E103: 2.01 | F103: 3 | G103: =D103*E103*F103 -> 6.03
B104: Sala de som | D104: 1 | E104: 2.9 | F104: 3 | G104: =D104*E104*F104 -> 8.7
B105: Taquigrafia | D105: 1 | E105: 2.87 | F105: 3 | G105: =D105*E105*F105 -> 8.61
B106: Diretoria | D106: 1 | E106: 3.3 | F106: 3 | G106: =D106*E106*F106 -> 9.9
B107: Procuradoria | D107: 1 | E107: 4.4 | F107: 3 | G107: =D107*E107*F107 -> 13.2
B108: Cozinha | D108: 1 | E108: 1.47 | F108: 3 | G108: =D108*E108*F108 -> 4.41
G109: =SUM(G101:G108) -> 70.71
A111: 02.04 | B111: Pintura com tinta acrílica, marcas de referência Suvinil, Coral ou Metalatex, inclusive selador acrílico, em paredes e forros, a três demãos | D111: Lados | E111: Comprimento (m) | F111: Altura (m) | G111: Área (m²)
B112: Circulação externa as sala vereadores, banheiro e almoxarifado | D112: 1 | E112: 18 | F112: 3 | G112: =D112*E112*F112 -> 54
B113: Somatória das áreas encontradas nos itens 01.02 e 01.03 | G113: =G39+G53 -> 436.3
B114: Pintura nas demais paredes não contempladas nos itens acima | G114: 530
G115: =SUM(G112:G114) -> 1020.3
...

Sheet Composição de Custos
A2: TABELA CUSTOS LABOR/CT-UFES PADRÃO DER SETEMBRO/2021(LS=157,27; BDI=30,9%)
A3: Item: 010208 - Retirada de revestimento antigo em reboco | H3: Unidade: m2
A4: Base: LABOR | C4: Código Base: '010208 | E4: Fonte: LABOR | H4: Versão: 1
A6: MÃO DE OBRA | B6: Unid | C6: Código | D6: Coefic. | E6: C. Prod. | F6: Pr. Prod. | G6: Pr. Improd. | H6: Pr. Unit. | I6: Fator Ac. | J6: Subtotal
A7: PEDREIRO - (OFICIAL - SINDUSCON) (LABOR) | B7: H | C7: '010139 | D7: 0.05 | E7: 1 | F7: 7.43 | G7: 0 | H7: 19.12 | I7: - | J7: 0.956
A8: SERVENTE (AUXILIAR DE OBRAS - SINDUSCON) (LABOR) | B8: H | C8: '010146 | D8: 0.5 | E8: 1 | F8: 5.46 | G8: 0 | H8: 14.05 | I8: - | J8: 7.025
A9: SubTotal: | J9: 7.98
A11: RESUMO
A12: DISCRIMINAÇÃO | D12: TAXA(%) | E12: VALORES
A13: Mão-de-Obra(A) | D13: 157.27 | E13: 7.98
A14: Materiais(B) | E14: 0
A15: Equipamentos(C) | E15: 0
A16: Produção da Equipe(D) | E16: 1
A17: Custo Horário Total(A+C) | E17: 7.98
A18: Custo Unitário da Execução[(A/D)+(C/D)] = E | E18: 7.98
A19: Custo Direto Total(B+E) | E19: 7.98
A20: Bonificações e Despesas Indiretas - BDI | D20: 30.9 | E20: 0
A21: CUSTO UNITÁRIO (Adotado) | E21: =E19*1.309 -> 10.44582
A24: Item: 010246 - Lixamento de parede com pintura antiga PVA para recebimento de nova camada de tinta | H24: Unidade: m2
A25: Base: LABOR | C25: Código Base: '010246 | E25: Fonte: LABOR | H25: Versão: 1
A27: MÃO DE OBRA | B27: Unid | C27: Código | D27: Coefic. | E27: C. Prod. | F27: Pr. Prod. | G27: Pr. Improd. | H27: Pr. Unit. | I27: Fator Ac. | J27: Subtotal
A28: SERVENTE (AUXILIAR DE OBRAS - SINDUSCON) (LABOR) | B28: H | C28: '010146 | D28: 0.2 | E28: 1 | F28: 5.46 | G28: 0 | H28: 14.05 | I28: - | J28: 2.81
A29: SubTotal: | J29: 2.81
A31: MATERIAL | B31: Unid | C31: Código | D31: Coefic. | E31: C. Prod. | F31: Pr. Prod. | G31: Pr. Improd. | H31: Pr. Unit. | I31: Fator Ac. | J31: Subtotal
A32: LIXA PARA MADEIRA/MASSA Nº 150 (LABOR) | B32: UN | C32: '038013 | D32: 0.25 | E32: 1 | F32: 0.91 | G32: 0 | H32: 0.91 | I32: - | J32: 0.228
A33: SubTotal: | J33: 0.23
A35: RESUMO
A36: DISCRIMINAÇÃO | D36: TAXA(%) | E36: VALORES
A37: Mão-de-Obra(A) | D37: 157.27 | E37: 2.81
A38: Materiais(B) | E38: 0.23
A39: Equipamentos(C) | E39: 0
A40: Produção da Equipe(D) | E40: 1
A41: Custo Horário Total(A+C) | E41: 2.81
A42: Custo Unitário da Execução[(A/D)+(C/D)] = E | E42: 2.81
A43: Custo Direto Total(B+E) | E43: 3.04
A44: Bonificações e Despesas Indiretas - BDI | D44: 30.9 | E44: 0
A45: CUSTO UNITÁRIO (Adotado) | E45: =E43*1.309 -> 3.97936
A48: Item: COMP. 01 - Lixamento de teto com pintura antiga PVA para recebimento de nova camada de tinta | H48: Unidade: m2
A49: Base: LABOR | C49: Código Base: '010246 | E49: Fonte: LABOR | H49: Versão: 1
A51: MÃO DE OBRA | B51: Unid | C51: Código | D51: Coefic. | E51: C. Prod. | F51: Pr. Prod. | G51: Pr. Improd. | H51: Pr. Unit. | I51: Fator Ac. | J51: Subtotal
A52: SERVENTE (AUXILIAR DE OBRAS - SINDUSCON) (LABOR) | B52: H | C52: '010146 | D52: 0.35 | E52: 1 | F52: 5.46 | G52: 0 | H52: 14.05 | I52: - | J52: =H52*D52 -> 4.9175
A53: SubTotal: | J53: =SUM(J52) -> 4.9175
A55: MATERIAL | B55: Unid | C55: Código | D55: Coefic. | E55: C. Prod. | F55: Pr. Prod. | G55: Pr. Improd. | H55: Pr. Unit. | I55: Fator Ac. | J55: Subtotal
A56: LIXA PARA MADEIRA/MASSA Nº 150 (LABOR) | B56: UN | C56: '038013 | D56: 0.25 | E56: 1 | F56: 0.91 | G56: 0 | H56: 0.91 | I56: - | J56: =H56*D56 -> 0.2275
A57: SubTotal: | J57: =SUM(J56) -> 0.2275
A59: RESUMO
A60: DISCRIMINAÇÃO | D60: TAXA(%) | E60: VALORES
A61: Mão-de-Obra(A) | D61: 157.27 | E61: =J52 -> 4.9175
A62: Materiais(B) | E62: =J57 -> 0.2275
A63: Equipamentos(C) | E63: 0
A64: Produção da Equipe(D) | E64: 1
A65: Custo Horário Total(A+C) | E65: =E61+E63 -> 4.9175
A66: Custo Unitário da Execução[(A/D)+(C/D)] = E | E66: 4.92
A67: Custo Direto Total(B+E) | E67: =E62+E65 -> 5.145
A68: Bonificações e Despesas Indiretas - BDI | D68: 30.9 | E68: 0
A69: CUSTO UNITÁRIO (Adotado) | E69: =E67*1.309 -> 6.734805
A72: Item: 010220 - Demolição de piso cimentado, exclusive lastro de concreto | H72: Unidade: m2
A73: Base: LABOR | C73: Código Base: '010220 | E73: Fonte: LABOR | H73: Versão: 1
A75: MÃO DE OBRA | B75: Unid | C75: Código | D75: Coefic. | E75: C. Prod. | F75: Pr. Prod. | G75: Pr. Improd. | H75: Pr. Unit. | I75: Fator Ac. | J75: Subtotal
A76: SERVENTE (AUXILIAR DE OBRAS - SINDUSCON) (LABOR) | B76: H | C76: '010146 | D76: 0.7 | E76: 1 | F76: 5.46 | G76: 0 | H76: 14.05 | I76: - | J76: 9.835
A77: SubTotal: | J77: 9.84
A79: RESUMO
A80: DISCRIMINAÇÃO | D80: TAXA(%) | E80: VALORES
A81: Mão-de-Obra(A) | D81: 157.27 | E81: 9.84
A82: Materiais(B) | E82: 0
A83: Equipamentos(C) | E83: 0
A84: Produção da Equipe(D) | E84: 1
A85: Custo Horário Total(A+C) | E85: 9.84
A86: Custo Unitário da Execução[(A/D)+(C/D)] = E | E86: 9.84
A87: Custo Direto Total(B+E) | E87: 9.84
A88: Bonificações e Despesas Indiretas - BDI | D88: 30.9 | E88: 0
A89: CUSTO UNITÁRIO (Adotado) | E89: =E87*1.309 -> 12.88056
A92: Item: 010256 - Remoção de telha ondulada de fibrocimento, inclusive cumeeira | H92: Unidade: m2
A93: Base: LABOR | C93: Código Base: '010256 | E93: Fonte: LABOR | H93: Versão: 1
A95: MÃO DE OBRA | B95: Unid | C95: Código | D95: Coefic. | E95: C. Prod. | F95: Pr. Prod. | G95: Pr. Improd. | H95: Pr. Unit. | I95: Fator Ac. | J95: Subtotal
A96: SERVENTE (AUXILIAR DE OBRAS - SINDUSCON) (LABOR) | B96: H | C96: '010146 | D96: 0.19 | E96: 1 | F96: 5.46 | G96: 0 | H96: 14.05 | I96: - | J96: 2.67
A97: TELHADISTA - (OFICIAL - SINDUSCON) (LABOR) | B97: H | C97: '010150 | D97: 0.18 | E97: 1 | F97: 7.43 | G97: 0 | H97: 19.12 | I97: - | J97: 3.442
A98: SubTotal: | J98: 6.11
A100: RESUMO
A101: DISCRIMINAÇÃO | D101: TAXA(%) | E101: VALORES
A102: Mão-de-Obra(A) | D102: 157.27 | E102: 6.11
A103: Materiais(B) | E103: 0
A104: Equipamentos(C) | E104: 0
A105: Produção da Equipe(D) | E105: 1
A106: Custo Horário Total(A+C) | E106: 6.11
A107: Custo Unitário da Execução[(A/D)+(C/D)] = E | E107: 6.11
A108: Custo Direto Total(B+E) | E108: 6.11
A109: Bonificações e Despesas Indiretas - BDI | D109: 30.9 | E109: 0
A110: CUSTO UNITÁRIO (Adotado) | E110: =E108*1.309 -> 7.99799
A113: Item: 120308 - Chapisco de argamassa de cimento e areia média ou grossa lavada no traço 1:3, espessura 5mm, com utilização de impermeabilizante | H113: Unidade: m2
A114: Base: LABOR | C114: Código Base: '120308 | E114: Fonte: LABOR | H114: Versão: 2
A116: MÃO DE OBRA | B116: Unid | C116: Código | D116: Coefic. | E116: C. Prod. | F116: Pr. Prod. | G116: Pr. Improd. | H116: Pr. Unit. | I116: Fator Ac. | J116: Subtotal
A117: PEDREIRO - (OFICIAL - SINDUSCON) (LABOR) | B117: H | C117: '010139 | D117: 0.1 | E117: 1 | F117: 7.43 | G117: 0 | H117: 19.12 | I117: - | J117: 1.912
A118: SERVENTE (AUXILIAR DE OBRAS - SINDUSCON) (LABOR) | B118: H | C118: '010146 | D118: 0.15 | E118: 1 | F118: 5.46 | G118: 0 | H118: 14.05 | I118: - | J118: 2.108
A119: SubTotal: | J119: 4.02
A121: MATERIAL | B121: Unid | C121: Código | D121: Coefic. | E121: C. Prod. | F121: Pr. Prod. | G121: Pr. Improd. | H121: Pr. Unit. | I121: Fator Ac. | J121: Subtotal
A122: AREIA LAVADA MEDIA (LABOR) | B122: M3 | C122: '020503 | D122: 0.0061 | E122: 1 | F122: 93.33 | G122: 0 | H122: 93.33 | I122: - | J122: 0.569
A123: CIMENTO PORTLAND CP III - 40 (LABOR) | B123: KG | C123: '020508 | D123: 2.43 | E123: 1 | F123: 0.46 | G123: 0 | H123: 0.46 | I123: - | J123: 1.118
A124: ADITIVO SIKA 1 (LABOR) | B124: KG | C124: '024015 | D124: 0.10935 | E124: 1 | F124: 6.18 | G124: 0 | H124: 6.18 | I124: - | J124: 0.676
A125: SubTotal: | J125: 2.36
...

Sheet Cronograma
A6: CRONOGRAMA FISICO-FINANCEIRO
A7: REFORMA DA CÂMARA MUNICIPAL DE GUARAPARI | J7: DATA BASE: SETEMBRO/2021
A8: ITEM | B8: SERVIÇOS | H8: % | I8: TOTAL
J9: 1 | K9: 2 | L9: 3 | M9: 4
A10: 1 | B10: =Planilha!C11 -> SERVIÇOS PRELIMINARES | H10: =I10/I22 -> 0.021808125 | I10: =Planilha!G11 -> 6726.08 | J10: =I10 -> 6726.08
A11: 2 | B11: =Planilha!$C$20 -> REVESTIMENTO DE PAREDE | H11: =I11/I22 -> 0.2091563 | I11: =Planilha!$G$20 -> 64508.16 | K11: =I11/3 -> 21502.72 | L11: =I11/3 -> 21502.72 | M11: =I11/3 -> 21502.72
A12: 3 | B12: =Planilha!$C$27 -> COBERTURA | H12: =I12/I22 -> 0.093992808 | I12: =Planilha!$G$27 -> 28989.34 | J12: =I12/2 -> 14494.67 | K12: =I12/2 -> 14494.67
A13: 4 | B13: =Planilha!$C$32 -> REVISÕES E REPAROS | H13: =I13/I22 -> 0.082310135 | I13: =Planilha!$G$32 -> 25386.16 | J13: =I13/2 -> 12693.08 | K13: =I13/2 -> 12693.08
A14: 5 | B14: =Planilha!$C$44 -> IMPERMEABILIZAÇÃO CALHAS, LAJES DESCOBERTAS, BALDRAMES, PAREDES E JARDINEIRAS | H14: =I14/I22 -> 0.013840148 | I14: =Planilha!$G$44 -> 4268.59 | L14: =I14 -> 4268.59
A15: 6 | B15: =Planilha!C47 -> TETOS E FORROS | H15: =I15/I22 -> 0.034233064 | I15: =Planilha!G47 -> 10558.19 | L15: =I15 -> 10558.19
A16: 7 | B16: =Planilha!C52 -> INSTALAÇÕES ELÉTRICAS | H16: =I16/I22 -> 0.13532247 | I16: =Planilha!G52 -> 41736.27 | J16: =I16/3 -> 13912.09 | K16: =I16/3 -> 13912.09 | L16: =I16/3 -> 13912.09
A17: 8 | B17: =Planilha!C78 -> INSTALAÇÕES REDE LÓGICA | H17: =I17/I22 -> 0.0076259441 | I17: =Planilha!G78 -> 2352 | M17: =I17 -> 2352
A18: 9 | B18: =Planilha!C83 -> ESQUADRIAS DE MADEIRA | H18: =I18/I22 -> 0.092718284 | I18: =Planilha!G83 -> 28596.25 | J18: =I18/2 -> 14298.125 | K18: =I18/2 -> 14298.125
A19: 10 | B19: =Planilha!C89 -> APARELHOS HIDROSSANITÁRIOS | H19: =I19/I22 -> 0.047467319 | I19: =Planilha!G89 -> 14639.91 | L19: =I19 -> 14639.91
A20: 11 | B20: =Planilha!C98 -> ACABAMENTOS | H20: =I20/I22 -> 0.24461153 | I20: =Planilha!G98 -> 75443.29 | L20: =I20/2 -> 37721.645 | M20: =I20/2 -> 37721.645
A21: 12 | B21: =Planilha!C109 -> TRATAMENTO, CONSERVAÇÃO E LIMPEZA | H21: =I21/I22 -> 0.016913871 | I21: =Planilha!G109 -> 5216.59 | M21: =I21 -> 5216.59
A22: TOTAIS | H22: =SUM(H10:H15) -> 0.45534058 | I22: =SUM(I10:I21) -> 308420.83
A23: % MENSAL | J23: =J24/I22 -> 0.20142623 | K23: =K24/I22 -> 0.24933687 | L23: =L24/I22 -> 0.33267255 | M23: =M24/I22 -> 0.21656434
A24: TOTAL MENSAL | J24: =SUM(J10:J22) -> 62124.045 | K24: =SUM(K10:K22) -> 76900.685 | L24: =SUM(L10:L22) -> 102603.15 | M24: =SUM(M10:M22) -> 66792.955
A25: % ACUMULADO | J25: =SUM(J23:J23) -> 0.20142623 | K25: =K23+J25 -> 0.4507631 | L25: =K25+L23 -> 0.78343566 | M25: =M23+L25 -> 1
A26: TOTAL ACUMULADO | J26: =SUM(J24:J24) -> 62124.045 | K26: =J26+K24 -> 139024.73 | L26: =K26+L24 -> 241627.88 | M26: =M24+L26 -> 308420.83
I27: ______________________________________
I28: Geraldo Brunoro Esteves- CREA-ES 033738/D
